 Dungeon Crawl Stone Soup version 0.27-a0-906-g0a00ce863d (webtiles) character file.

Game seed: 15365429018643265647

253 jestyr24 the Magician (level 6, -5/40 HPs)
             Began as a Djinni Air Elementalist on Apr 7, 2021.
             Slain by a sky beast (6 damage)
             ... on level 4 of the Dungeon.
             The game lasted 00:18:39 (4277 turns).

jestyr24 the Magician (Djinni Air Elementalist)     Turns: 4277, Time: 00:18:40

Health: -5/40      AC:  2    Str:  7    XL:     6   Next: 14%
Gold:   180        EV: 12    Int: 18    God:
                   SH:  0    Dex: 14

rFire    + + .     SeeInvis .   d - +0 mace (antimagic)
rCold    x . .     Faith    .   (no shield)
rNeg     . . .     Spirit   .   a - +0 robe
rPois    ∞         Reflect  .   (no helmet)
rElec    .         Harm     .   (no cloak)
rCorr    .         Rampage  .   (no gloves)
Will     .....                  (boots unavailable)
Stlth    ++........             (no amulet)
HPRegen  0.13/turn              (no ring)
MPRegen  0.00/turn              (no ring)

@: mighty, flying, hasted, very quick
A: fire resistance 2, cold vulnerability 1, float, innate caster, hp casting,
extra vitality 1
a: no special abilities


You were on level 4 of the Dungeon.
You visited 1 branch of the dungeon, and saw 5 of its levels.

You collected 180 gold pieces.

Inventory:

Hand Weapons
 d - a +0 antimagic mace (weapon)
Missiles
 j - 33 poisoned darts
 r - a throwing net
Armour
 a - a +0 robe (worn)
 q - a +0 helmet
Jewellery
 i - an amulet of guardian spirit
 s - a ring of ice
Wands
 n - a wand of random effects (7)
 p - a wand of acid (10)
Scrolls
 b - 2 scrolls of enchant weapon {unknown}
 f - 6 scrolls of identify {unknown}
 l - 3 scrolls of noise {unknown}
Potions
 c - a potion of flight {unknown}
 e - a potion of mutation {unknown}
 g - a potion of attraction {unknown}
 h - a potion of haste
 m - a potion of curing {unknown}
 o - a potion of invisibility {unknown}


   Skills:
 + Level 2.6 Dodging
 + Level 2.6 Stealth
 + Level 5.1 Spellcasting


You couldn't memorise any spells.
You knew the following spells:

 Your Spells              Type           Power      Damage    Failure   Level
a - Shock                 Conj/Air       92%        1d8       1%          1
b - Swiftness             Air            23%        N/A       2%          2
c - Static Discharge      Conj/Air       23%        N/A       4%          3
d - Airstrike             Air            11%        N/A       16%         4
e - Lightning Bolt        Conj/Air       11%        1d24      41%         5
f - Apportation           Tloc           46%        N/A       1%          1
g - Ensorcelled Hibernat  Hex/Ice        46%        N/A       2%          2
Your spell library was empty.

Dungeon Overview and Level Annotations

Branches:
Dungeon (5/15)
 Temple: D:4-7

Altars:
Elyvilon

Shops:
D:4 ?


Innate Abilities, Weirdness & Mutations

You are immune to poison.
Your flesh is very heat resistant. (rF++)
You are vulnerable to cold. (rC-)
You float through the air rather than walking.
You learn spells naturally, not from books.
Your magical power is your life essence.
You have superior vitality. (+4 HP)


Message History

Casting: Static Discharge (dangerous; 4% risk of failure)
Confirm with . or Enter, or press ? or * to list all spells.
Some blue arcs ground themselves harmlessly.
Something hits you. Something shocks you.
* * * LOW HITPOINT WARNING * * *
A sky beast appears from thin air!
Reactivating autopickup.
There is a stone staircase leading up here.
The sky beast barely misses you.
You fly upwards.
There is a stone staircase leading down here.
It was a potion of haste.
You feel yourself speed up. The sky beast misses you.
It was a potion of might.
You feel very mighty all of a sudden.
You hit the sky beast but do no damage. The sky beast closely misses you.
You barely miss the sky beast. The sky beast barely misses you.
You closely miss the sky beast.
The sky beast hits you but does no damage.
You closely miss the sky beast. The sky beast barely misses you.
You completely miss the sky beast. The sky beast closely misses you.
You thump the sky beast!
The sky beast is heavily wounded.
The sky beast hits you but does no damage.
You closely miss the sky beast.
The sky beast is heavily wounded.
The sky beast misses you.
You hit the sky beast.
The sky beast is severely wounded.
The sky beast flickers out of sight!
Deactivating autopickup; reactivate with Ctrl-A.
Something hits you.
* * * LOW HITPOINT WARNING * * *
Something shocks you.
* * * LOW HITPOINT WARNING * * *
You barely miss something. Something hits you but does no damage.
You miss something. Something hits you but does no damage.
You hit something. Something hits you.
* * * LOW HITPOINT WARNING * * *
Something shocks you.
You die...

..#.........## ###
#...........###
#.............##
##..............#
#................#
#.⌠.⌠...........##
#..∩............#
##⌠.⌠..........##
##.@{..........#
#...........#..
##.........##..
##........#
##########


There were no monsters in sight!

Vanquished Creatures
  A scorpion (D:4)
  Ijyb (D:3)
  An orc wizard (D:3)
  4 gnolls (D:4)
  2 adders
  A worm (D:2)
  A dart slug (D:3)
  9 orcs
  5 bats
  4 endoplasms
  4 giant cockroaches
  3 hobgoblins
  11 jackals
  8 kobolds
  2 quokkas
  4 ball pythons
  A frilled lizard (D:3)
  4 goblins
  5 rats
71 creatures vanquished.

Notes
Turn   | Place    | Note
-------+----------+-------------------------------------------
     0 | D:1      | jestyr24 the Djinni Air Elementalist began the quest for
                  | the Orb.
     0 | D:1      | Reached XP level 1. HP: 15/15 MP: 0/0
   548 | D:1      | Reached skill level 3 in Spellcasting
   605 | D:1      | Reached XP level 2. HP: 18/21 MP: 0/0
   859 | D:1      | Found a faded altar of an unknown god.
  1271 | D:2      | Reached XP level 3. HP: 23/25 MP: 0/0
  1271 | D:2      | Learned a level 1 spell: Apportation
  2517 | D:3      | Reached XP level 4. HP: 26/31 MP: 0/0
  2522 | D:3      | Reached skill level 4 in Spellcasting
  3177 | D:3      | Noticed Ijyb
  3188 | D:3      | Killed Ijyb
  3189 | D:3      | Reached XP level 5. HP: 13/35 MP: 0/0
  3189 | D:3      | Learned a level 2 spell: Ensorcelled Hibernation
  3729 | D:4      | Found a white marble altar of Elyvilon.
  3866 | D:4      | Reached skill level 5 in Spellcasting
  3940 | D:4      | Reached XP level 6. HP: 36/40 MP: 0/0
  4235 | D:4      | Found Jalastoi's Magic Scroll Shop.
  4250 | D:5      | Entered Level 5 of the Dungeon
  4251 | D:5      | Noticed a sky beast
  4277 | D:4      | HP: 1/40 [something (2)]
  4277 | D:4      | Slain by a sky beast

Illustrated notes

Levels and vault maps discovered:
D:1:      erik_arrival_triangle_large, layout_basic, basic_ecumenical_altar
D:2:      layout_loops_ring
D:3:      layout_basic, uniq_ijyb
D:4:      layout_cave_pods, elyvilon_altar_4, serial_shops, shop_fountains,
          minmay_quantized
D:5:      layout_basic, serial_shops, shop, grunt_decor_mini_mirrors

Skill      XL: |  1  2  3  4  5 |
---------------+----------------+-----
Spellcasting   | 3 4 5 |  5.1
Stealth        | 2 |  2.6
Dodging        | |  2.6

Action                   |  1- 3 |  4- 6 || total
-------------------------+-------+-------++-------
Melee: Mace              |     1 |    13 ||    14
 Cast: Shock             |    82 |    94 ||   176
       Static Discharge  |     1 |     4 ||     5
       Swiftness         |     1 |       ||     1
       Ensorcelled Hiber |       |     1 ||     1
  Use: Potion            |       |     2 ||     2
Armor: Robe              |     2 |     9 ||    11
Dodge: Dodged            |     9 |    25 ||    34

Table legend: (Time is in decaauts)
 A = Elapsed time spent in this place.
 B = Non-inter-level travel time spent in this place.
 C = Inter-level travel time spent in this place.
 D = Time resting spent in this place.
 E = Time spent auto-exploring this place.
 F = Levels seen in this place.
 G = Mean time per level.
                   A        B        C        D        E       F      G
               +--------+--------+--------+--------+--------+-----+--------+
         Total |   4276 |   4079 |    197 |   1393 |   2219 |   5 |  855.2 |
       Dungeon |   4276 |   4079 |    197 |   1393 |   2219 |   5 |  855.2 |
               +--------+--------+--------+--------+--------+-----+--------+

Top non-repeatable levels by time:
     D:2: 1246 daAuts
     D:1: 1236 daAuts
     D:3: 1215 daAuts
     D:4: 563 daAuts
     D:5: 13 daAuts
